 Dungeon Crawl Stone Soup version 0.25.1-2-g60ff931df9 (webtiles) character file.

Game seed: 16398056942401198867

721 KyoPewz the Fighter (level 7, 0/81 HPs)
             Began as an Ogre Berserker on Oct 4, 2020.
             Was a Priest of Trog.
             Succumbed to a gnoll's poison
             ... on level 4 of the Dungeon.
             The game lasted 00:13:38 (4581 turns).

KyoPewz the Fighter (Ogre Berserker)                Turns: 4581, Time: 00:13:39

Health: 0/81       AC:  3    Str: 22    XL:     7   Next: 71%
Magic:  2/2        EV: 10    Int:  8    God:    Trog [***...]
Gold:   212        SH:  0    Dex: 10    Spells: 6/6 levels left

rFire    . . .     SeeInvis .   n - +2 flail (antimagic)
rCold    . . .     Gourm    .   (no shield)
rNeg     . . .     Faith    .   b - +0 animal skin
rPois    .         Spirit   .   (helmet restricted)
rElec    .         Reflect  .   (no cloak)
rCorr    .         Harm     .   (gloves unavailable)
MR       ++...                  (boots unavailable)
Stlth    +.........             (no amulet)
HPRegen  1.23/turn              (no ring)
MPRegen  0.08/turn              (no ring)

@: lethally poisoned (0 -> -2), regenerating, hasted (expiring), very quick
A: large, unfitting armour, tough skin 1
a: Berserk, Trog's Hand, Renounce Religion


You were on level 4 of the Dungeon.
You worshipped Trog.
Trog was most pleased with you.
You were not hungry.

You visited 1 branch of the dungeon, and saw 4 of its levels.

You collected 232 gold pieces.
You spent 20 gold pieces at shops.

Inventory:

Hand Weapons
 a - a +1 mace
 n - a +2 antimagic flail (weapon)
   (You took it off Edmund on level 4 of the Dungeon)
Armour
 b - a +0 animal skin (worn)
 c - a scarf of repulsion
   (You found it on level 1 of the Dungeon)
 f - a +0 cloak
   (You found it on level 1 of the Dungeon)
Jewellery
 i - a cursed -4 ring of protection {unknown}
   (You found it on level 2 of the Dungeon)
Wands
 m - a wand of polymorph (1)
   (You took it off Sigmund on level 4 of the Dungeon)
Scrolls
 d - 2 scrolls of identify {@r1}
 o - a scroll of enchant armour {unknown}
Potions
 j - 2 potions of brilliance
Comestibles
 e - 8 rations {!d}


   Skills:
 + Level 8.6 Fighting
 + Level 6.0 Maces & Flails
 - Level 2.6 Dodging


You had 6 spell levels left.
You didn't know any spells.
Your spell library was empty.

Dungeon Overview and Level Annotations

Branches:
Dungeon (4/15)
 Temple: D:4-7

Altars:
Gozag

Shops:
D:4 =


Innate Abilities, Weirdness & Mutations

You are too large for most types of armour.
You have tough skin. (AC +1)


Message History

You feel sick.
The gnoll hits you from afar with a +0 spear.
* * * LOW HITPOINT WARNING * * *
You feel sick.
The gnoll hits you but does no damage. x2
You feel sick. The gnoll hits you but does no damage.
Your transformation is almost over.
You feel sick. The gnoll hits you but does no damage.
You feel sick.
The gnoll hits you but does no damage. x2
The gnoll hits you but does no damage.
You are more poisoned.
You feel sick. The gnoll hits you but does no damage.
You recover from your berserk rage.
You feel sick. The gnoll hits you but does no damage.
You are more poisoned.
The gnoll hits you but does no damage.
You feel sick. The gnoll hits you but does no damage.
You feel sick. The gnoll hits you but does no damage.
You feel sick. The gnoll hits you but does no damage.
The gnoll hits you from afar with a +0 spear.
* * * LOW HITPOINT WARNING * * *
You feel sick. The gnoll hits you but does no damage.
You are lethally poisoned!
* * * LOW HITPOINT WARNING * * *
You feel sick. The gnoll hits you but does no damage.
The gnoll barely misses you.
Okay, then.
You cannot move.
Unknown command.
Okay, then.
Unknown command.
Okay, then.
There is a lethal amount of poison in your body!
That item cannot be evoked!
Aim: a gnoll, wielding a +2 spear of venom and wearing a +0 plate armour (chance to defeat MR: 54%)
The gnoll resists with significant effort.
* * * LOW HITPOINT WARNING * * *
You feel sick. The gnoll hits you but does no damage.
That item cannot be evoked!
Aim: a gnoll, wielding a +2 spear of venom and wearing a +0 plate armour (chance to defeat MR: 54%)
The gnoll evaporates and reforms as a leopard gecko!
* * * LOW HITPOINT WARNING * * *
You feel sick. The gnoll hits you but does no damage.
There is a lethal amount of poison in your body!
Your extra speed is starting to run out.
* * * LOW HITPOINT WARNING * * *
You feel sick.
Unknown command.
You feel less wooden.
Your +0 animal skin unmelds from your body.
You die...

(......####*#.#* *..,,,,,,,
.....### #...# *#.##****** ##...#
#...# #####....,,,,,, ##.##
#...####....#.#,*****, #.#
#...##........#.,**,,, #.#
######...##........%.,,,,,,
#.###...........).....#*,,*,,,,
#.............)l).....#*,**,,,,
##..#.........@)g.###....,,,,,,
###...######...##.......#*#***,,,
.<....# #...########.# *,,,
###.### ###...#### *,* **** #.#
###........# *,**** #.#
#..........# *,,,,* * ###.#
#.########.# ****,* * ....#
#.#)#....#.#######*,* *
..######.#......#.......#*,* *


You could see a gnoll and a leopard gecko.

Vanquished Creatures
  Sigmund (D:4)
  Edmund (D:4)
  2 ogres (D:4)
  A scorpion (D:3)
  Jessica (D:2)
  2 gnolls (D:4)
  8 adders
  2 oozes
  3 worms
  2 dart slugs (D:2)
  2 leopard geckos (D:2)
  5 orcs (D:3)
  6 bats
  3 giant cockroaches
  10 goblins
  12 hobgoblins
  7 jackals
  A quokka (D:2)
  A ball python (D:3)
  5 frilled lizards
  5 kobolds
  12 rats
92 creatures vanquished.

Notes
Turn   | Place    | Note
-------+----------+-------------------------------------------
     0 | D:1      | KyoPewz the Ogre Berserker began the quest for the Orb.
     0 | D:1      | Reached XP level 1. HP: 24/24 MP: 1/1
   406 | D:1      | Reached XP level 2. HP: 23/33 MP: 2/2
  1267 | D:2      | Reached XP level 3. HP: 28/41 MP: 3/3
  1275 | D:2      | Reached skill level 5 in Fighting
  1563 | D:2      | Reached ** piety under Trog
  1769 | D:2      | Found an opulent altar of Gozag.
  1785 | D:2      | Reached XP level 4. HP: 50/50 MP: 4/4
  2147 | D:2      | Noticed Jessica
  2152 | D:2      | Killed Jessica
  2563 | D:3      | Reached XP level 5. HP: 59/59 MP: 5/5
  2664 | D:3      | Reached skill level 6 in Fighting
  3615 | D:3      | Reached *** piety under Trog
  3687 | D:3      | Reached XP level 6. HP: 59/68 MP: 6/6
  4031 | D:4      | Found Cimy's Jewellery Shoppe.
  4039 | D:4      | Bought a cursed -4 ring of dexterity for 20 gold pieces
  4095 | D:4      | Reached skill level 7 in Fighting
  4257 | D:4      | Noticed Sigmund
  4258 | D:4      | Noticed Edmund
  4272 | D:4      | Killed Edmund
  4272 | D:4      | Reached skill level 5 in Maces & Flails
  4272 | D:4      | Reached XP level 7. HP: 78/78 MP: 0/7
  4278 | D:4      | Killed Sigmund
  4278 | D:4      | Reached skill level 8 in Fighting
  4535 | D:4      | HP: 6/121 [gnoll/+2 spear of venom (4)]
  4536 | D:4      | HP: 2/121 [gnoll/+0 spear (4)]
  4575 | D:4      | HP: 4/121 [gnoll/+0 spear (3)]
  4580 | D:4      | HP: 1/121 [poisoned by a gnoll]
  4581 | D:4      | Succumbed to a gnoll's poison

Illustrated notes

Levels and vault maps discovered:
D:1:      matt_arrival_grand_opening, layout_basic, minmay_close_crescents
D:2:      layout_basic, nicolae_gozag_seed_capital, uniq_jessica
D:3:      cheibrodos_greedy_goblins, layout_basic
D:4:      layout_loops_cross, serial_shops, shop, sigmund_edmund_badplayer

Skill      XL: |  1  2  3  4  5  6  7 |
---------------+----------------------+-----
Maces & Flails | 3 4 5 6 |  6.0
Fighting       | 5 6 7 8 |  8.6
Dodging        | |  2.6

Action                   |  1- 3 |  4- 6 |  7- 9 || total
-------------------------+-------+-------+-------++-------
Melee: Mace              |   144 |   187 |     5 ||   336
       Flail             |       |       |    18 ||    18
Invok: Berserk           |     3 |     6 |     1 ||    10
       Trog's Hand       |       |     2 |     3 ||     5
Evoke: Wand              |       |       |     2 ||     2
  Use: Scroll            |       |     8 |       ||     8
       Potion            |       |       |     3 ||     3
 Stab: Sleeping          |       |     1 |       ||     1
  Eat: Chunk             |     6 |    13 |     2 ||    21
       Ration            |       |       |     1 ||     1
Armor: Animal skin       |    62 |    46 |     1 ||   109
       Skin              |       |       |    79 ||    79
Dodge: Dodged            |   104 |   127 |    14 ||   245
